 Dungeon Crawl Stone Soup version bcrawl-1.38.1 (webtiles) character file.

Game seed: 8990008293783429150

15234478 Artagas the Sifu (level 27, 235/235 HPs)
             Began as a High Elf Wanderer on Mar 20, 2023.
             Was the Champion of Wu Jian.
             Escaped with the Orb
             ... and 3 runes on Mar 30, 2023!
             The game lasted 04:09:37 (64490 turns).

Artagas the Sifu (High Elf Wanderer)               Turns: 64490, Time: 04:09:37

Health: 235/235    AC: 36    Str: 30    XL:     27
Magic:  43/49      EV: 31    Int: 22    God:    Wu Jian [******]
Gold:   4449       SH: 32    Dex: 36    Spells: 46/48 levels left

rFire    + . .     GDR:     51% a - +9 dagger (protect)
rCold    + . .     SeeInvis +   R - +9 medium shield of Starshine {rC+ Regen+ rCorr Dex+2}
rNeg     + . .     Gourm    .   c - +1 plate armour {rF+}
rPois    .         Faith    .   o - +0 mask of the Dragon {MR+ Slay+3 SInv}
rElec    +         Spirit   .   S - +0 cloak "Beiq" {rElec} (curse)
rCorr    +         Reflect  +   Y - +2 pair of gloves {Str+3}
MR       +++..                  i - +0 pair of boots "Guugg" {rCorr Str+2} (curse)
Stlth    +.........             L - amulet of Starshine {Reflect Str+5 SH+5 SInv}
HPRegen  0.89/turn              F - ring "Loycash" {rN+ MP+9 Dex+5}
MPRegen  0.31/turn              p - +3 ring of protection

@: exhausted, protection aura, lightly drained
A: obsessive focus, screaming 1, MP-powered wands
0: Orb of Zot
}: 3/15 runes: decaying, barnacled, silver
a: Wall Jump, Serpent's Lash, Heavenly Storm, Renounce Religion


You escaped.
You worshipped Wu Jian.
Wu Jian was exalted by your worship.
You were not hungry.

You visited 11 branches of the dungeon, and saw 44 of its levels.
You visited the Abyss 1 time.
You also visited: Trove, Bailey, Gauntlet and Wizlab.

You collected 9463 gold pieces.
You spent 5014 gold pieces at shops.

Inventory:

Hand Weapons
 a - a +9 dagger of protection (weapon)
   (You took it off Josephine on level 4 of the Lair of Beasts)
Missiles
 D - 636 poisoned tomahawks (quivered)
 J - 8 throwing nets {=f}
Armour
 b - a +3 plate armour of magic resistance
   (You bought it in a shop in the Orcish Mines)
 c - a +1 plate armour of fire resistance (worn)
   (You bought it in a shop in the Orcish Mines)
 i - the cursed +0 pair of boots "Guugg" (worn) {rCorr Str+2}
   (You found it on level 3 of the Vaults)

   It affects your strength (+2).
   It provides partial protection from all sources of acid and corrosion.
   It has a curse placed upon it.
 o - the +0 mask of the Dragon (worn) {MR+ Slay+3 SInv}
   (You found it on level 3 of the Vaults)

   It affects your accuracy and damage with ranged weapons and melee attacks
   (+3).
   It affects your resistance to hostile enchantments.
   It lets you see invisible.
 R - the +9 medium shield of Starshine (worn) {rC+ Regen+ rCorr Dex+2}
   (You bought it in a shop in the Orcish Mines)

   It affects your dexterity (+2).
   It protects you from cold.
   It increases your rate of regeneration.
   It provides partial protection from all sources of acid and corrosion.
 S - the cursed +0 cloak "Beiq" (worn) {rElec}
   (You found it on level 1 of the Vaults)

   It insulates you from electricity.
   It has a curse placed upon it.
 Y - a +2 pair of gloves of strength (worn)
   (You found it on level 3 of the Elven Halls)
Jewellery
 f - an uncursed ring of protection from fire
   (You took it off a deep elf death mage on level 3 of the Elven Halls)
 m - an uncursed ring of protection from magic
   (You found it on level 3 of the Elven Halls)
 p - a +3 ring of protection (right hand)
   (You bought it in a shop on level 5 of the Dungeon)
 B - the amulet "Ticvehib" {Spirit MR+}
   (You found it in a Gauntlet)

   [amulet of guardian spirit]

   It causes incoming damage to be split between your health and magic.
   It affects your resistance to hostile enchantments.
 E - the ring "Ikluorez" {-Tele rElec Dex+8 SInv}
   (You bought it in a shop on level 5 of the Dungeon)

   [ring of see invisible]

   It affects your dexterity (+8).
   It insulates you from electricity.
   It lets you see invisible.
   It prevents most forms of teleportation.
 F - the ring "Loycash" (left hand) {rN+ MP+9 Dex+5}
   (You took it off a centaur warrior on level 3 of the Vaults)

   [ring of magical power]

   It affects your dexterity (+5).
   It protects you from negative energy.
   It affects your magic capacity (+9).
 L - the amulet of Starshine (around neck) {Reflect Str+5 SH+5 SInv}
   (You took it off a hell knight on level 2 of the Depths)

   [amulet of reflection]

   It shields you and reflects attacks.
   It affects your strength (+5).
   It lets you see invisible.
   It affects your SH (+5).
Wands
 v - a wand of digging (41)
   (You found it on level 6 of the Dungeon)
 G - a wand of acid (28)
   (You found it on level 6 of the Dungeon)
 I - a wand of clouds (6)
   (You found it on level 6 of the Dungeon)
 O - a wand of paralysis (39)
   (You found it on level 7 of the Dungeon)
 W - a wand of iceblast (7)
   (You found it on level 1 of the Elven Halls)
 X - a wand of charming (21)
   (You found it on level 3 of the Lair of Beasts)
Scrolls
 n - 10 scrolls of immolation
 t - 29 scrolls of teleportation
 y - 7 scrolls of fear
 z - 9 scrolls of blinking
 H - 2 scrolls of summoning
 K - 6 scrolls of fog
Potions
 d - 6 potions of might
 g - 8 potions of mutation
 h - 5 potions of haste
 j - 5 potions of cancellation
 q - 13 potions of curing
 s - a potion of agility
 w - 7 potions of heal wounds
 x - 9 potions of flight
 M - 7 potions of ambrosia
 N - a potion of berserk rage
 T - 5 potions of magic
Miscellaneous
 k - 6 phantom mirrors
 l - a phial of floods
   (You found it in a treasure trove)
 r - a fan of gales (2/2)
   (You found it in a treasure trove)
 A - a sack of spiders (inert)
   (You found it on level 6 of the Lair of Beasts)
 P - a lamp of fire
   (You found it in a Gauntlet)
 U - a box of beasts
 V - a lightning rod (4/4)
   (You found it on level 1 of the Lair of Beasts)
Comestibles
 e - 51 rations {!d}


   Skills:
 - Level 23.0(22.5) Fighting
 - Level 14.0(13.6) Short Blades
 + Level 18.4(18.0) Armour
 + Level 18.5(18.1) Dodging
 - Level 9.0(8.6) Stealth
 - Level 17.0(16.6) Shields
 - Level 24.0(23.5) Unarmed Combat
 - Level 11.0(10.6) Spellcasting
 - Level 11.0(10.6) Charms
   Level 1.1(0.8) Translocations
   Level 2.1(1.9) Transmutations
 - Level 24.1(23.6) Invocations
 - Level 16.0(15.6) Evocations


You had 46 spell levels left.
You knew the following spells:

 Your Spells              Type           Power        Failure   Level  Hunger
a - Infusion              Chrm           ######..     1%          1    None
b - Sandblast             Erth           ##....       67%         1    None

Your spell library contained the following spells:

 Spells                   Type           Power        Failure   Level  Hunger
 Flaming Arrows           Chrm/Fire      #####...     16%         2    None
 Swiftness                Chrm/Air       #####...     16%         2    None
 Ozocubu's Armour         Chrm/Ice       #####...     30%         3    None
 Throw Frost              Conj/Ice       ##....       45%         2    None
 Apportation              Tloc           ###...       54%         1    None
 Blink Other              Tloc           ###...       54%         1    None
 Corona                   Hex            ##.....      67%         1    None
 Flame Tongue             Conj/Fire      ##...        67%         1    None
 Freeze                   Ice            ##....       67%         1    None
 Magic Dart               Conj           ##..         67%         1    None
 Necrotize                Necr           ##....       67%         1    None
 Slow                     Hex            ##......     67%         1    None
 Static Discharge         Air            ##....       67%         1    None
 Summon Butterflies       Summ           ##......     67%         1    None
 Summon Small Mammal      Summ           ##..         67%         1    None
 Blink                    Tloc           N/A          67%         2    None
 Passwall                 Tmut/Erth      ###.....     67%         2    None
 Call Imp                 Summ           ##....       80%         2    None
 Corpse Rot               Necr           N/A          80%         2    None
 Ensorcelled Hibernation  Hex/Ice        ##....       80%         2    None
 Poisonous Vapours        Pois/Air       ##....       80%         2    None
 Searing Ray              Conj           ##......     80%         2    None
 Shock                    Conj/Air       ##.....      80%         2    None
 Beckoning                Tloc           ###.......   88%         3    None
 Portal Projectile        Tloc           ###...       88%         3    None
 Spider Form              Tmut/Pois      ###          88%         3    None
 Teleport Other           Tloc           ###.....     88%         3    None
 Recall                   Summ/Tloc      N/A          92%         3    None
 Call Canine Familiar     Summ           ##......     95%         3    None
 Conjure Flame            Conj/Fire      ##......     95%         3    None
 Inner Flame              Hex/Fire       N/A          95%         3    None
 Iskenderun's Mystic Bla  Conj           ##......     95%         3    None
 Mephitic Cloud           Conj/Pois/Air  ##......     95%         3    None
 Stone Arrow              Conj/Erth      ##....       95%         3    None
 Tukima's Dance           Hex            ##......     95%         3    None
 Vampiric Draining        Necr           ##........   95%         3    None
 Iskenderun's Battlesphe  Conj/Chrm      #####...     95%         5    ###....
 Steam Barrier            Chrm/Fire      #####.....   95%         5    ###....
 Force Lance              Tloc           ###.....     99%         4    None
 Ice Form                 Ice/Tmut       ###.....     99%         4    None
 Petrify                  Tmut/Erth      ###.......   99%         4    None
 Tree Form                Hex/Tmut       N/A          99%         4    None
 Agony                    Necr           ##......     100%        4    None
 Airstrike                Air            ##........   100%        4    None
 Animate Dead             Necr           N/A          100%        4    None
 Fulminant Prism          Conj/Hex       ##........   100%        4    None
 Lightning Bolt           Conj/Air       ##......     100%        4    None
 Sticky Flame             Conj/Fire      ##......     100%        4    None
 Summon Ice Beast         Ice/Summ       ##......     100%        4    None
 Throw Icicle             Conj/Ice       ##......     100%        4    None
 Dispel Undead            Necr           ##......     100%        5    ###....
 Fireball                 Conj/Fire      ##........   100%        5    ###....
 Freezing Cloud           Ice/Air        ##......     100%        5    ###....
 Irradiate                Conj/Tmut      ###.......   100%        5    ###....
 Lee's Rapid Deconstruct  Erth           ##........   100%        5    ###....
 Metabolic Englaciation   Hex/Ice        ##........   100%        5    ###....
 Silence                  Hex/Air        ##........   100%        5    ###....
 Summon Forest            Summ/Tloc      ##........   100%        5    ###....
 Summon Lightning Spire   Summ/Air       ##......     100%        5    ###....
 Summon Mana Viper        Hex/Summ       ##......     100%        5    ###....
 Venom Bolt               Conj/Pois      ##........   100%        5    ###....
 Aura of Abjuration       Summ           ##........   100%        6    #####..
 Bolt of Fire             Conj/Fire      ##........   100%        6    #####..
 Borgnjor's Vile Clutch   Necr/Erth      ##........   100%        6    #####..
 Darkness                 Hex            ##........   100%        6    #####..
 Death Channel            Chrm/Necr      #####.....   100%        6    #####..
 Deflect Missiles         Chrm/Air       #####.....   100%        6    #####..
 Dispersal                Tloc           ###.......   100%        6    #####..
 Infestation              Hex/Tmut/Pois  ##.......    100%        6    #####..
 Invisibility             Hex            ##......     100%        6    #####..
 Poison Arrow             Conj/Pois      ##........   100%        6    #####..
 Statue Form              Tmut/Erth      ###......    100%        6    #####..
 Summon Hydra             Summ           ##........   100%        6    #####..
 Controlled Blink         Tloc           ###.....     100%        7    ######.
 Discord                  Hex            ##........   100%        7    ######.
 Haunt                    Necr/Summ      ##........   100%        7    ######.
 Mana Rupture             Conj/Hex       ##........   100%        7    ######.
 Monstrous Menagerie      Summ           ##........   100%        7    ######.
 Shadow Creatures         Summ           N/A          100%        7    ######.
 Borgnjor's Revivificati  Necr           ##........   100%        8    #######
 Necromutation            Tmut/Necr      ###.....     100%        8    #######
 Time Stop                Chrm/Tloc      N/A          100%        8    #######
 Tornado                  Tloc/Air       ##........   100%        8    #######
 Passage of Golubria      Tloc           Unusable     N/A         5    N/A

Dungeon Overview and Level Annotations

Branches:
Dungeon (12/12)            Temple (1/1) D:5            Lair (6/6) D:7
  Swamp (3/3) Lair:3       Shoals (3/3) Lair:3        Slime (0/5) Lair:5
    Orc (1/1) D:9             Elf (3/3) Orc          Vaults (3/3) D:12
  Crypt (2/2) Vaults:1       Tomb (0/3) Crypt:2      Depths (5/5) D:12
    Zot (5/5) Depths:5

Altars:
Ashenzari
Cheibriados
Dithmenos
Elyvilon
Fedhas
Gozag
Kikubaaqudgha
Lugonu
Makhleb
Nemelex Xobeh
Okawaru
Qazlal
Ru
Sif Muna
Uskayaw
Vehumet
Wu Jian
Xom
Yredelemnul
Zin
The Shining One
Jiyva

Shops:
D:5 =   D:6 %   D:9 ([[*   Orc :*[(*   Vaults:2 [   Zot:4 *   Depths:2 ((

Portals:
Hell: Depths:1 Depths:2 Depths:3 Depths:4 Depths:5
Abyss: Depths:4 Depths:5
Pandemonium: Depths:3
Ziggurat: Depths:2

Annotations:
D:12 Roxanne
Lair:4 Nessos
Lair:5 Rupert
Shoals:1 3 runed translucent doors, Tiareth's ghost, journeyman DgWz
Depths:1 3 runed translucent doors, Lelol's ghost, veteran VSFE


Innate Abilities, Weirdness & Mutations

You can't train low skills.
You expend magic power (3 MP) to strengthen your wands.
You occasionally shout uncontrollably at your foes.


Message History

You are no longer magically infusing your attacks.
An Orb Guardian comes into view.
Evoke which item? (* to show all) (? for menu, Esc to quit)
You reach into the bag, and spiders crawl out!
The Orb Guardian hits your redback!!
Your redback dies!
Your redback's corpse disappears in a puff of smoke!
You lunge at the Orb Guardian, in a flurry of attacks.
You impale the Orb Guardian!!
Your weapon exudes an aura of protection.
The Orb Guardian is moderately wounded.
You impale the Orb Guardian!!
The Orb Guardian is severely wounded.
You block the Orb Guardian's attack.
Your redback hits the Orb Guardian.
A web harmlessly splats on the Orb Guardian.
Your redback bites the Orb Guardian.
You spin and attack the Orb Guardian repeatedly.
You barely miss the Orb Guardian.
The Orb Guardian is severely wounded.
You impale the Orb Guardian!!
You kill the Orb Guardian!
The Council accepts your kill.
(D) Dungeon (T) Temple (L) Lair (S) Swamp (A) Shoals (M) Slime Pits (O) Orcish Mines (E) Elven Halls (V) Vaults (C) Crypt (W) Tomb (U) Depths (H) Hell (Z) Zot
Where to? (* - list waypoints, Enter - D:1 @ (x,y), ? - help)
What level of the Dungeon? (default 1, ? - help)
You shout at the rust devil!
A rust devil comes into view.
There is a stone staircase leading up here.
You lunge at the rust devil, in a flurry of attacks.
You impale the rust devil!!
Your weapon exudes an aura of protection.
The rust devil is almost dead.
You spit the rust devil like a pig!!!
You kill the rust devil!
The Council accepts your kill.
You swap places.
You swap places.
You swap places.
There is a stone staircase leading up here.
You climb upwards.
Your summoned allies are left behind.
There is a stone staircase leading down here.
You feel a little less agile now.
An Orb Guardian comes into view.
The Orb Guardian gazes at you. The bolt of lightning misses you.
You block the Orb Guardian's attack.
Casting: Infusion (safe; 1% risk of failure)
Confirm with . or Enter, or press ? or * to list all spells.
You begin infusing your attacks with magical energy.
You block the Orb Guardian's attack.
You spit the Orb Guardian like a pig!!!
Your weapon exudes an aura of protection.
The Orb Guardian is severely wounded.
The Orb Guardian gazes at you. The bolt of lightning misses you.
You impale the Orb Guardian!!
You kill the Orb Guardian!
The Council accepts your kill.
Evoke which item? (* to show all) (? for menu, Esc to quit)
Aiming: Dig
Press: ? - help, Shift-Dir - straight line This square is covered in magical glow.
You feel a surge of power!
The rock shatters into small pieces.
A rust devil and a pandemonium lord come into view.
You lunge at Usatoj, in a flurry of attacks.
You closely miss Usatoj. You impale Usatoj!!
Your weapon exudes an aura of protection.
Usatoj is moderately wounded.
A red devil comes into view.
It is wielding a +1 demon trident of venom.
Usatoj gestures.
You resist with almost no effort.
Press: ? - help, v - describe, . - travel
Here: Usatoj (moderately wounded)
You feel yourself speed up. Usatoj gestures at you.
The bolt of dispelling energy hits you but does no damage.
Your magical effects are unravelling.
You block the rust devil's attack.
Your muscles tense, ready for explosive movement...
You spin and attack Usatoj repeatedly, with incredible momentum.
You impale Usatoj!!
Usatoj is moderately wounded.
You stick Usatoj like a pincushion!!!!
Usatoj is almost dead.
You impale Usatoj!!
You kill Usatoj!
The Council accepts your kill.
A neqoxec comes into view.
You feel drained.
Your supernatural speed expires.
There is a dry fountain here.
You feel yourself slow down.
You are no longer magically infusing your attacks.
You block the red devil's attack. You block the red devil's attack.
There is a staircase leading out of the dungeon here.
The power of the Orb breaks the dimensional shunt like a soap bubble!
You have escaped!

#..#############
#..#...#...#...#
#..'.⌠.#.⌠...⌠.# #########
#..#...#...#...###.....##.
#..##.###.###.###.........
#..##.# #.# #.##..........
#..##.###.###.##..........
#..#...#...#3..#....>.....
#..#.⌠.#.@4.4⌠............
#######.#...#...#...#..........
#.......##.###.###.##..........
#.......##.# #.# #.###.........
#.......##.###.###.####.....#).
#.......#...#...#...#######....
#.......#.⌠...⌠.#.⌠.'.###...#.#
#.......#...#...#...#.##..###.#
#.......#############....#..#..


You could see a rust devil, a neqoxec and a red devil.

Vanquished Creatures
  2 pandemonium lords
  An orb of fire (Zot:5)
  Xtahua (Depths:2)
  2 ancient liches
  A greater mummy (Crypt:2)
  Boris (Crypt:1)
  5 Killer Klowns
  Sojobo (Depths:4)
  15 golden dragons
  Bai Suzhen (Elf:1)
  A caustic shrike (Depths:4)
  A curse toe (Zot:1)
  4 rockslimes
  3 bone dragons
  Nikola (Shoals:2)
  Zenata (Vaults:2)
  An Orb Demon (Zot:2)
  5 electric golems
  21 tentacled monstrosities
  25 Orb Guardians
  5 liches
  A titan (Depths:3)
  12 quicksilver dragons
  3 deep elf master archers (Elf:3)
  2 deep elf blademasters (Elf:3)
  A kraken (Shoals:3)
  2 Executioners
  9 sphinxes
  2 tentacled starspawn (Abyss:1)
  7 ancient champions (Crypt:2)
  10 death cobs
  11 shadow dragons
  15 storm dragons
  2 thorn hunters
  3 revenants (Crypt:2)
  3 ghouls (Swamp:3)
  9 tengu reavers
  5 draconian monks
  4 draconian knights
  5 war gargoyles
  A balrug (Depths:1)
  A ghost moth (Zot:2)
  13 frost giants
  4 orc warlords
  15 vault wardens
  7 deep elf sorcerers
  18 fire giants
  5 hydra zombies (Swamp:3)
  11 draconian scorchers
  5 draconian stormcallers
  5 iron dragons
  3 spriggan defenders
  Aizul (Swamp:3)
  3 eyes of devastation
  8 deep elf elementalists (Elf:3)
  5 draconian shifters
  9 draconian annihilators
  13 ironheart preservers
  21 stone giants
  13 jiangshi
  18 very ugly things
  17 green draconians
  12 white draconians
  10 deep elf annihilators
  6 vampire knights
  2 grey draconians (Depths:5)
  13 red draconians
  7 black draconians
  5 yellow draconians
  An entropy weaver (Vaults:3)
  A lorocyproca (Depths:3)
  6 deep elf demonologists
  10 purple draconians
  4 eidola
  A minotaur (Gauntlet)
  8 deep elf death magi
  14 dire elephants
  2 spark wasps (Depths:3)
  A mummy priest (Crypt:2)
  A crystal guardian (Vaults:3)
  17 ettins
  Josephine (Lair:4)
  18 fire dragons
  8 merfolk impalers (Shoals:3)
  9 yaktaur captains
  6 deep elf high priests
  34 vault guards
  Fannar (D:12)
  13 ice dragons
  22 hydras
  Harold (D:10)
  Erolcha (D:11)
  7 great orbs of eyes
  5 spriggan air magi
  Erica (D:11)
  5 rakshasas
  A great orb of eyes (shapeshifter) (Vaults:3)
  A merfolk avatar (Shoals:1)
  7 ogre magi
  9 deep troll shamans
  7 shadow wraiths
  7 shambling mangroves
  2 anacondas (shapeshifter)
  6 ghost crabs
  9 alligators
  4 sea snakes
  11 death yaks (Lair:6)
  3 deep troll earth magi
  Sonja (Lair:1)
  6 orc high priests
  23 two-headed ogres
  6 merfolk aquamancers (Shoals:3)
  2 tengu warriors
  A death knight (D:12)
  33 dancing weapons
  10 vampire magi
  3 spriggan berserkers
  3 sun demons
  22 deep elf knights
  5 ironheart beastmasters
  4 soul eaters (Zot:1)
  19 centaur warriors
  A goliath frog (Swamp:2)
  20 deep trolls
  A salamander mystic (Depths:5)
  A wretched star (Abyss:1)
  A sixfirhy (Abyss:1)
  8 iron trolls
  11 skeletal warriors
  A storm dragon skeleton (Crypt:2)
  A death drake (shapeshifter) (Depths:3)
  18 hell knights
  5 spriggan druids
  6 wizards
  5 swamp dragons
  A shadow demon (D:2)
  4 death drakes
  4 flayed ghosts
  4 unseen horrors
  4 spectral hydras (Swamp:3)
  6 glowing orange brains
  A kraken simulacrum (Shoals:3)
  Pikel (D:3)
  An anaconda skeleton (Swamp:3)
  16 deep elf archers
  2 wolf spider zombies
  6 phantasmal warriors
  5 cyclopes
  8 ironheart convokers
  A lindwurm (shapeshifter) (D:12)
  13 harpies
  5 necromancers
  An orb spider (shapeshifter) (Elf:1)
  7 orc knights
  A mana viper (shapeshifter) (D:12)
  5 oklob plants
  A wolf spider (Lair:5)
  50 deep elf magi
  A tengu skeleton (Depths:1)
  8 orc sorcerers
  2 iron dragon zombies (Crypt:2)
  A frost giant zombie (Crypt:2)
  2 salamanders (Depths:5)
  17 manticores
  10 fauns
  A shining eye (shapeshifter) (Depths:4)
  36 ugly things
  28 moths of wrath
  11 vault sentinels
  A fire giant skeleton (Crypt:1)
  3 black mambas
  16 elephants
  9 merfolk sirens
  2 stone giant skeletons
  A rust devil (D:2)
  An elephant (shapeshifter) (Elf:3)
  26 cane toads
  8 large abominations
  A gargoyle (D:10)
  7 water nymphs
  3 smoke demons
  A torpor snail (Lair:5)
  A sea snake skeleton (Crypt:1)
  A cane toad (shapeshifter) (Vaults:1)
  3 dire elephant skeletons
  An emperor scorpion zombie (Crypt:1)
  5 rime drakes
  2 eyes of draining (D:12)
  A kobold demonologist (Bailey)
  A yellow draconian zombie (Crypt:1)
  2 komodo dragons
  A hellwing (Depths:3)
  An efreet (D:11)
  An ice devil (Depths:3)
  38 yaktaurs
  8 freezing wraiths
  Maurice (D:12)
  A polar bear (shapeshifter) (Vaults:3)
  A tengu conjurer (Depths:5)
  An eye of draining (shapeshifter) (D:12)
  8 guardian mummies
  18 merfolk
  6 trolls
  5 wind drakes
  10 tyrant leeches
  2 polar bears (Lair:5)
  2 harpy skeletons
  A tengu simulacrum (Vaults:2)
  A snapping turtle (shapeshifter) (Depths:3)
  A raiju (shapeshifter) (Vaults:1)
  14 hornets
  32 slime creatures
  An ettin zombie (Crypt:2)
  Grinder (D:3)
  A blink frog (shapeshifter) (Elf:1)
  A raiju (Abyss:1)
  7 snapping turtles
  27 dream sheep
  15 hippogriffs
  6 bog bodies
  20 blink frogs
  Grum (Lair:5)
  A fire dragon zombie (Crypt:2)
  A fire giant simulacrum (Vaults:2)
  A spriggan (shapeshifter) (Elf:3)
  4 spriggans
  A ynoxinul (Abyss:1)
  A shadow (D:12)
  15 water elementals
  4 air elementals
  13 wyverns
  2 basilisks (shapeshifter) (Vaults:2)
  A fire dragon skeleton (Crypt:2)
  A guardian serpent skeleton (Crypt:1)
  A human (D:10)
  12 wraiths
  A black mamba zombie (Crypt:1)
  A hungry ghost (D:9)
  48 yaks
  4 vampires
  Eustachio (D:4)
  8 fire elementals
  A hog (shapeshifter) (Vaults:2)
  7 basilisks
  A tyrant leech zombie (Crypt:2)
  A redback (D:9)
  18 vampire mosquitoes
  A spriggan simulacrum (Depths:1)
  2 hogs (D:10)
  4 wargs
  A redback (shapeshifter) (Depths:4)
  A neqoxec (Depths:3)
  11 swamp worms
  2 steam dragons
  5 chaos spawn (Depths:4)
  Menkaure (D:6)
  5 acid dragons
  16 small abominations
  A two-headed ogre zombie (Crypt:2)
  A crocodile (shapeshifter) (Vaults:3)
  Duvessa (D:7)
  9 crocodiles
  A torturous demonspawn skeleton (Crypt:1)
  5 water moccasins
  3 hell hounds (Depths:4)
  A floating eye (Elf:1)
  49 orc warriors
  10 porcupines
  9 swamp drakes
  3 ice beasts
  2 phantoms
  A sky beast (shapeshifter) (D:12)
  A cane toad skeleton (Crypt:2)
  An ettin simulacrum (Crypt:2)
  26 ogres
  4 starcursed masses (Abyss:1)
  19 boggarts
  A manticore skeleton (Crypt:1)
  25 wolves
  A blink frog skeleton (D:9)
  23 bullfrogs
  3 earth elementals (Elf:2)
  A gnoll sergeant (Orc)
  7 centaurs
  A water moccasin zombie (D:7)
  A salamander skeleton (Crypt:1)
  Dowan (D:7)
  A hornet simulacrum (D:11)
  4 scorpions
  10 killer bees
  12 wights
  5 electric eels
  4 howler monkeys
  26 orc priests
  8 crimson imps
  7 jellies
  3 quasits
  10 hounds
  32 orc wizards
  2 gnoll shamans
  Jessica (D:3)
  3 bullfrog skeletons
  3 iguanas
  A worker ant (shapeshifter) (Depths:3)
  A black bear skeleton (Crypt:1)
  7 worker ants
  2 porcupine skeletons (D:10)
  A hound zombie (D:7)
  2 hound skeletons
  A mummy (Crypt:2)
  2 worker ant zombies
  24 gnolls
  A scorpion zombie (Crypt:2)
  11 adders
  4 shadow imps
  A white imp (Abyss:1)
  An ufetubus (Abyss:1)
  An ooze (D:6)
  An iguana skeleton (Crypt:2)
  An adder skeleton (Crypt:2)
  An adder zombie (D:6)
  5 worms
  A dart slug (D:3)
  2 leopard geckos
  109 orcs
  7 bats
  A giant cockroach (D:2)
  13 goblins
  8 hobgoblins
  10 jackals
  A quokka (D:4)
  3 ball pythons
  2 frilled lizards
  A jackal skeleton (D:5)
  7 kobolds
  A kobold (shapeshifter) (Vaults:3)
  A kobold simulacrum (Crypt:1)
  A kobold skeleton (Crypt:1)
  A leopard gecko skeleton (Crypt:1)
  A quokka skeleton (D:5)
  8 rats
  A briar patch (Swamp:2)
  A butterfly (Lair:1)
  4 starspawn tentacles (Abyss:1)
  4 tentacles (Shoals:3)
2326 creatures vanquished.

Vanquished Creatures (collateral kills)
  An Orb Guardian (Zot:5)
  A draconian scorcher (Zot:3)
  A wizard (Vaults:1)
  2 deep elf magi (Elf:1)
  A large abomination (D:2)
6 creatures vanquished.

Vanquished Creatures (others)
  Frederick (Depths:4)
  A death cob (Zot:3)
  2 thorn hunters (Swamp:3)
  A frost giant (Vaults:2)
  A tengu reaver (Depths:4)
  A fire giant (Depths:2)
  A vault warden (Vaults:1)
  6 stone giants
  A merfolk javelineer (Shoals:3)
  4 yaktaur captains
  4 satyrs
  A two-headed ogre (Depths:1)
  2 centaur warriors
  A swamp dragon (Swamp:3)
  5 deep elf archers
  A cyclops (Shoals:1)
  A deep elf mage (Elf:2)
  A manticore (Shoals:1)
  2 fauns
  A moth of wrath (Zot:5)
  7 yaktaurs
  A merfolk (Shoals:1)
  2 water elementals
  A floating eye (Elf:1)
  An orc (Orc)
  6 briar patches (Swamp:3)
  20 fungi
  79 plants
  2 starspawn tentacles (Abyss:1)
  6 tentacles (Shoals:3)
163 creatures vanquished.

Grand Total: 2495 creatures vanquished

Notes
Turn   | Place    | Note
-------+----------+-------------------------------------------
     0 | D:1      | Artagas the High Elf Wanderer began the quest for the Orb.
     0 | D:1      | Artagas set off with the following items: a +0 dagger, a
                  | potion of flight, a +0 buckler, a +0 robe, a ration {!d};
                  | and the following spells available to memorise:
                  | Apportation, Corona, Infusion, Sandblast, Slow, Summon
                  | Butterflies
     0 | D:1      | Reached XP level 1. HP: 13/13 MP: 4/4
     2 | D:1      | Learned a level 1 spell: Infusion
   266 | D:1      | Reached XP level 2. HP: 17/19 MP: 3/6
   278 | D:1      | Reached skill level 1 in Dodging
   290 | D:1      | Reached skill level 1 in Charms
   410 | D:1      | Reached skill level 1 in Armour
   579 | D:1      | Learned a level 1 spell: Sandblast
   778 | D:2      | Reached skill level 1 in Unarmed Combat
   901 | D:2      | Reached skill level 1 in Stealth
   952 | D:2      | Reached skill level 1 in Evocations
   952 | D:2      | Reached XP level 3. HP: 8/24 MP: 4/7
  1708 | D:2      | Reached skill level 2 in Evocations
  1999 | D:2      | Reached XP level 4. HP: 24/30 MP: 4/8
  2080 | D:3      | Reached skill level 2 in Armour
  2080 | D:3      | Reached skill level 2 in Dodging
  2080 | D:3      | Reached skill level 2 in Charms
  2135 | D:3      | Reached XP level 5. HP: 34/35 MP: 9/9
  2190 | D:3      | Reached skill level 2 in Stealth
  2190 | D:3      | Reached skill level 2 in Unarmed Combat
  2191 | D:3      | Noticed Jessica
  2342 | D:3      | Reached skill level 1 in Fighting
  2592 | D:3      | Killed Jessica
  2650 | D:3      | Reached skill level 2 in Fighting
  2650 | D:3      | Reached skill level 4 in Short Blades
  2705 | D:3      | Found an ancient bone altar of Kikubaaqudgha.
  2849 | D:3      | Reached XP level 6. HP: 22/46 MP: 10/10
  3026 | D:3      | Reached skill level 3 in Fighting
  3356 | D:4      | Noticed a slave
  3356 | D:4      | Noticed Grinder
  3357 | D:4      | Noticed Pikel
  3389 | D:3      | HP: 6/47 [Grinder (4)]
  3393 | D:3      | Paralysed by Grinder for 3 turns
  3394 | D:3      | Killed Grinder
  3395 | D:3      | Reached skill level 3 in Charms
  3395 | D:3      | Reached XP level 7. HP: 8/52 MP: 8/11
  3586 | D:3      | Killed Pikel
  3587 | D:3      | Reached skill level 3 in Armour
  3587 | D:3      | Reached skill level 3 in Dodging
  3587 | D:3      | Reached skill level 3 in Stealth
  3587 | D:3      | Reached skill level 3 in Shields
  3587 | D:3      | Reached skill level 3 in Evocations
  3587 | D:3      | Reached skill level 6 in Short Blades
  3738 | D:4      | Reached skill level 3 in Unarmed Combat
  3738 | D:4      | Reached XP level 8. HP: 58/58 MP: 12/12
  3903 | D:4      | Reached skill level 7 in Short Blades
  4088 | D:4      | Noticed Eustachio
  4102 | D:4      | Killed Eustachio
  4103 | D:4      | Reached skill level 4 in Fighting
  4683 | D:5      | Entered Level 5 of the Dungeon
  4727 | D:5      | Reached skill level 5 in Fighting
  4865 | D:5      | Reached skill level 8 in Short Blades
  4990 | D:5      | Found Redgho Oxza's Jewellery Shop.
  4993 | D:5      | Found an iron altar of Okawaru.
  5022 | D:5      | Bought a +3 ring of protection for 227 gold pieces
  5107 | D:5      | Found a glowing silver altar of Zin.
  5122 | D:5      | Found a staircase to the Ecumenical Temple.
  5266 | Temple   | Entered the Ecumenical Temple
  5615 | Temple   | Became a worshipper of Uskayaw the Reveler
  5888 | D:6      | Reached * piety under Uskayaw
  5938 | D:6      | Found the +3 hat of Pondering {ponderous, MR+ MP+10 Int+5}
  5979 | D:6      | Reached ** piety under Uskayaw
  6007 | D:6      | Found the +1 giant club "Skullcrusher" {antimagic, -Cast
                  | *Drain rN+ MR+ AC+6}
  6032 | D:6      | Reached XP level 9. HP: 47/69 MP: 13/13
  6101 | D:6      | Reached skill level 6 in Fighting
  6101 | D:6      | Reached skill level 9 in Short Blades
  6363 | D:6      | Found Taos's Food Emporium.
  6434 | D:6      | Noticed Menkaure
  6449 | D:6      | Killed Menkaure
  6718 | D:6      | Reached skill level 4 in Stealth
  6840 | Temple   | Fell from the grace of Uskayaw
  6840 | Temple   | Became a worshipper of the Wu Jian Council
  6924 | D:6      | Reached skill level 4 in Unarmed Combat
  7280 | D:7      | Reached skill level 4 in Dodging
  7280 | D:7      | Reached skill level 4 in Charms
  7280 | D:7      | Reached skill level 4 in Evocations
  7286 | D:7      | Reached skill level 4 in Armour
  7286 | D:7      | Reached skill level 4 in Shields
  7522 | D:6      | Reached XP level 10. HP: 62/77 MP: 14/14
  7596 | D:7      | Reached * piety under Wu Jian
  7693 | D:7      | Reached skill level 7 in Fighting
  7740 | D:7      | Reached skill level 10 in Short Blades
  7911 | D:7      | Found a staircase to the Lair.
  7912 | D:7      | Noticed Dowan
  7912 | D:7      | Noticed Duvessa
  7926 | D:7      | Reached skill level 8 in Fighting
  8092 | D:7      | Killed Dowan
  8094 | D:7      | Killed Duvessa
  8095 | D:7      | Reached skill level 9 in Fighting
  8549 | D:7      | Found the +10 dark maul {crush}
  8744 | Lair:1   | Entered Level 1 of the Lair of Beasts
  8781 | Lair:1   | Noticed Sonja
  8791 | Lair:1   | Killed Sonja
  8849 | Lair:1   | Noticed a cane toad
  8861 | Lair:1   | Killed a cane toad
  8871 | Lair:1   | HP: 11/83 [poisoned by a water moccasin]
  9109 | Lair:1   | Reached skill level 5 in Stealth
  9109 | Lair:1   | Reached XP level 11. HP: 89/89 MP: 15/15
  9122 | Lair:1   | Reached skill level 5 in Unarmed Combat
  9130 | Lair:1   | Reached skill level 5 in Charms
  9130 | Lair:1   | Reached skill level 5 in Evocations
  9136 | Lair:1   | Reached skill level 5 in Dodging
  9136 | Lair:1   | Reached skill level 5 in Shields
  9145 | Lair:1   | Reached ** piety under Wu Jian
  9146 | Lair:1   | Reached skill level 5 in Armour
  9607 | Lair:1   | Reached skill level 11 in Short Blades
 10285 | Lair:2   | Reached skill level 10 in Fighting
 10646 | Lair:2   | Reached skill level 12 in Short Blades
 10657 | Lair:2   | Reached skill level 11 in Fighting
 11382 | Lair:3   | Reached XP level 12. HP: 44/100 MP: 16/16
 11468 | Lair:3   | Noticed a five-headed hydra
 11481 | Lair:3   | Killed a five-headed hydra
 11649 | Lair:3   | Reached *** piety under Wu Jian
 12271 | Lair:3   | Reached skill level 6 in Dodging
 12427 | Lair:3   | Found a staircase to the Swamp.
 12716 | D:5      | Bought a +6 amulet of reflection for 661 gold pieces
 12858 | Lair:3   | Reached skill level 6 in Armour
 12858 | Lair:3   | Reached skill level 6 in Shields
 13250 | Lair:4   | Noticed Josephine
 13361 | Lair:4   | Found a gate leading to a gauntlet.
 13375 | Gauntlet | Entered a Gauntlet
 13375 | Gauntlet | Found a transporter.
 13375 | Gauntlet | Found a transporter.
 13437 | Gauntlet | Found a transporter.
 13439 | Gauntlet | Found a transporter.
 13448 | Gauntlet | Noticed a death scarab
 13451 | Gauntlet | Found a transporter.
 13453 | Gauntlet | Found a transporter.
 13460 | Gauntlet | Noticed a death yak
 13461 | Gauntlet | Found a transporter.
 13461 | Gauntlet | Noticed a death yak
 13461 | Gauntlet | Noticed a death yak
 13461 | Gauntlet | Noticed a death yak
 13462 | Gauntlet | Noticed a death yak
 13482 | Gauntlet | Found a transporter.
 13488 | Gauntlet | Found a transporter.
 13492 | Gauntlet | Found a transporter.
 13502 | Gauntlet | Found a transporter.
 13506 | Gauntlet | Found a transporter.
 13780 | Gauntlet | Noticed an anaconda
 13780 | Gauntlet | a slime creature changed into an anaconda
 13800 | Gauntlet | Killed an anaconda
 13937 | Gauntlet | Got a pitted bone amulet
 14093 | Gauntlet | Noticed a minotaur
 14103 | Gauntlet | Killed a minotaur
 14104 | Gauntlet | Reached skill level 7 in Dodging
 14250 | Gauntlet | Got a creamy pearl robe
 14261 | Gauntlet | Identified the cursed +0 robe "Kaemes Rumo" {Dex+4} (You
                  | found it in a Gauntlet)
 14328 | Lair:4   | Killed Josephine
 14329 | Lair:4   | Reached skill level 13 in Short Blades
 14379 | Lair:4   | Reached skill level 7 in Armour
 14379 | Lair:4   | Reached skill level 7 in Shields
 14453 | Lair:4   | Noticed Nessos
 14516 | Lair:4   | Reached XP level 13. HP: 100/107 MP: 17/17
 14881 | Lair:5   | Reached **** piety under Wu Jian
 14882 | Lair:5   | Reached skill level 12 in Fighting
 15054 | Lair:5   | Reached skill level 8 in Dodging
 15261 | Lair:5   | Reached skill level 8 in Shields
 15262 | Lair:5   | Reached skill level 8 in Armour
 15262 | Lair:5   | Noticed Grum
 15725 | Lair:5   | Killed Grum
 15726 | Lair:5   | Reached skill level 9 in Dodging
 15734 | Lair:5   | Reached skill level 14 in Short Blades
 15804 | Lair:5   | Found a viscous altar of Jiyva.
 15920 | Lair:5   | Found a staircase to the Slime Pits.
 15993 | Lair:5   | Identified the amulet "Ticvehib" {Spirit MR+} (You found it
                  | in a Gauntlet)
 16359 | Lair:5   | Noticed Rupert
 16368 | Lair:6   | Entered Level 6 of the Lair of Beasts
 16379 | Lair:6   | Reached skill level 9 in Armour
 16379 | Lair:6   | Reached skill level 9 in Shields
 16379 | Lair:6   | Reached XP level 14. HP: 88/116 MP: 18/18
 16383 | Lair:6   | Reached skill level 13 in Fighting
 16466 | Lair:6   | Reached ***** piety under Wu Jian
 16467 | Lair:6   | Reached skill level 14 in Fighting
 16616 | Lair:6   | Reached skill level 6 in Evocations
 16969 | Lair:6   | Reached skill level 6 in Stealth
 16980 | Lair:6   | Reached skill level 6 in Unarmed Combat
 16990 | Lair:6   | Got a heavily runed amber ring
 17242 | Lair:6   | Reached skill level 7 in Unarmed Combat
 17467 | Lair:6   | Reached skill level 8 in Unarmed Combat
 17708 | Lair:6   | Got a dazzling short sword
 17713 | Lair:6   | Identified the cursed +1 short sword "Idih" {drain, *Contam
                  | rN+ Str+4 Int+8} (You found it on level 6 of the Lair of
                  | Beasts)
 17738 | Lair:6   | Gained mutation: You occasionally shout uncontrollably at
                  | your foes. [mutagenic glow]
 17871 | Lair:6   | Identified the cursed ring "Loiqedgh" {Str+3 Stlth--} (You
                  | found it on level 6 of the Lair of Beasts)
 17885 | Lair:6   | Got a blackened ring mail
 17896 | Lair:6   | Identified the +1 ring mail of the Blind Marksman {rF+}
                  | (You found it on level 6 of the Lair of Beasts)
 18309 | Lair:6   | Got a bloodstained leather armour {@q1}
 18320 | Lair:6   | Identified the +2 leather armour of the Evening Star {rElec
                  | rF- rN+++ rCorr Int+2, @q1} (You found it on level 6 of the
                  | Lair of Beasts)
 19784 | D:9      | Found a radiant altar of Vehumet.
 19802 | D:9      | Found Xekheuli's Armour Emporium.
 19802 | D:9      | Found a staircase to the Orcish Mines.
 19804 | D:9      | Found Nycsun's Weapon Emporium.
 19855 | D:9      | Found Kuywyask's Antique Armour Boutique.
 20013 | D:9      | Got a polished quarterstaff
 20128 | D:9      | Found Guawkype's General Store.
 20137 | D:9      | Bought a scroll of fog for 26 gold pieces
 20410 | D:5      | Bought the ring "Ikluorez" {-Tele rElec Dex+8 SInv} for 525
                  | gold pieces
 20505 | D:10     | Entered Level 10 of the Dungeon
 20536 | D:10     | Noticed Harold
 20547 | D:10     | Killed Harold
 20988 | D:10     | Reached XP level 15. HP: 126/126 MP: 20/20
 21219 | D:10     | Reached skill level 10 in Dodging
 21549 | D:11     | Noticed Erolcha
 21558 | D:11     | Noticed Erica
 21559 | D:11     | Killed Erolcha
 21560 | D:11     | Reached skill level 10 in Shields
 21564 | D:11     | Killed Erica
 21565 | D:11     | Reached skill level 10 in Armour
 22183 | D:11     | Reached ****** piety under Wu Jian
 22923 | D:12     | Entered Level 12 of the Dungeon
 23033 | D:12     | Noticed Fannar
 23281 | D:12     | Killed Fannar
 23289 | D:12     | Found a flagged portal.
 23300 | Bailey   | Entered a bailey
 23385 | Bailey   | Found an iron altar of Okawaru.
 24510 | D:12     | Identified the +3 quick blade "Ulutrekk" {antimagic, Dex+3}
                  | (You acquired it on level 12 of the Dungeon)
 24510 | D:12     | Identified the ring of the Messenger {Fire SInv} (You
                  | acquired it on level 12 of the Dungeon)
 24574 | D:12     | Reached skill level 11 in Shields
 24580 | D:12     | Reached skill level 11 in Armour
 24681 | D:12     | Found a staircase to the Depths.
 25240 | D:12     | Noticed Maurice
 25249 | D:12     | Killed Maurice
 25355 | D:12     | Reached skill level 6 in Charms
 25434 | D:12     | Reached skill level 7 in Evocations
 25711 | D:12     | Found a gate to the Vaults.
 25806 | D:12     | Reached skill level 8 in Evocations
 25951 | D:12     | Noticed Roxanne
 26086 | Orc      | Entered the Orcish Mines
 26086 | Orc      | Found a staircase to the Elven Halls.
 26227 | Orc      | Found a roughly hewn altar of Beogh.
 26477 | Orc      | Found Qituud's Assorted Antiques.
 26496 | Orc      | Bought a scroll labeled XYMPERYAFY for 39 gold pieces
 26631 | Orc      | Reached skill level 12 in Shields
 26664 | Orc      | Noticed an orc warlord
 26678 | Orc      | Killed an orc warlord
 26679 | Orc      | Reached skill level 13 in Shields
 26695 | Orc      | Reached skill level 14 in Shields
 26893 | Orc      | Found Ceor's General Store.
 26894 | Orc      | Found Fasad's Book Boutique.
 26895 | Orc      | Found Fekuil's Antique Armour Boutique.
 26895 | Orc      | Found Ysiesilurr's Antique Weapon Shop.
 26934 | Orc      | Bought an ancient rapier for 252 gold pieces
 26934 | Orc      | Identified the cursed +1 rapier "Ritzif" {pierce, rC+ Str-3
                  | Dex+4} (You bought it in a shop in the Orcish Mines)
 26938 | Orc      | Bought a faintly humming medium shield for 256 gold pieces
 26946 | Orc      | Bought 2 potions of haste for 280 gold pieces
 26957 | Orc      | Identified the +9 medium shield of Starshine {rC+ Regen+
                  | rCorr Dex+2} (You bought it in a shop in the Orcish Mines)
 27362 | D:9      | Bought a +2 chain mail of poison resistance for 240 gold
                  | pieces
 27553 | Swamp:1  | Entered Level 1 of the Swamp
 27572 | Swamp:1  | Reached XP level 16. HP: 117/133 MP: 23/23
 27623 | Swamp:1  | Reached skill level 15 in Shields
 27684 | Swamp:1  | Identified the amulet "Kefext Ling" {Faith rElec rPois rF-
                  | MR+} (You acquired it on level 1 of the Swamp)
 28684 | Swamp:2  | Reached skill level 16 in Shields
 28783 | Swamp:2  | Reached skill level 7 in Charms
 28937 | Swamp:2  | Noticed a thorn hunter
 28964 | Swamp:2  | Killed a thorn hunter
 29228 | Swamp:2  | Reached skill level 8 in Charms
 29498 | Swamp:2  | Upgraded the game from bcrawl-1.38b to bcrawl-1.38.1
 29526 | Swamp:3  | Entered Level 3 of the Swamp
 29541 | Swamp:3  | Noticed Aizul
 29551 | Swamp:3  | Killed Aizul
 29551 | Swamp:3  | Reached skill level 9 in Charms
 30332 | Swamp:3  | Noticed a ghoul
 30357 | Swamp:3  | Killed a ghoul
 30851 | Swamp:3  | Noticed a ghoul
 30871 | Swamp:3  | Killed a ghoul
 30872 | Swamp:3  | Reached skill level 17 in Shields
 30886 | Swamp:3  | Reached skill level 15 in Fighting
 30948 | Swamp:3  | Noticed a ghoul
 30956 | Swamp:3  | Noticed a thorn hunter
 30967 | Swamp:3  | Killed a ghoul
 30973 | Swamp:3  | Killed a thorn hunter
 30974 | Swamp:3  | Reached XP level 17. HP: 73/138 MP: 24/24
 31103 | Swamp:3  | Found a blossoming altar of Fedhas.
 31229 | Swamp:3  | Found a basalt altar of Yredelemnul.
 31445 | Swamp:3  | Identified a lightning rod (4/4) (You found it on level 1
                  | of the Lair of Beasts)
 31445 | Swamp:3  | Got a decaying rune of Zot
 32005 | Vaults:1 | Entered Level 1 of the Vaults
 32031 | Vaults:1 | Reached skill level 3 in Spellcasting
 32068 | Vaults:1 | Reached skill level 16 in Fighting
 32104 | Vaults:1 | Reached skill level 4 in Spellcasting
 32105 | Vaults:1 | Reached skill level 7 in Stealth
 32735 | Orc      | Bought a shiny plate armour for 702 gold pieces
 33055 | Vaults:1 | Identified the cursed +0 cloak "Beiq" {rElec}
 33193 | Vaults:1 | Reached skill level 9 in Unarmed Combat
 33326 | Vaults:1 | Found a staircase to the Crypt.
 33326 | Vaults:1 | Found a basalt altar of Yredelemnul.
 33327 | Vaults:1 | Found an ancient bone altar of Kikubaaqudgha.
 33550 | Vaults:1 | Reached skill level 5 in Spellcasting
 33559 | Vaults:1 | Reached skill level 11 in Dodging
 33559 | Vaults:1 | Reached skill level 8 in Stealth
 33865 | Vaults:1 | Noticed a tentacled monstrosity
 33903 | Vaults:1 | Killed a tentacled monstrosity
 33904 | Vaults:1 | Reached skill level 6 in Spellcasting
 33904 | Vaults:1 | Reached XP level 18. HP: 133/151 MP: 26/28
 34044 | Vaults:1 | Reached skill level 12 in Armour
 34449 | Vaults:2 | Reached skill level 10 in Unarmed Combat
 34782 | Vaults:2 | Found Xedef's Antique Armour Boutique.
 34791 | Vaults:2 | Reached skill level 7 in Spellcasting
 35070 | Vaults:2 | Noticed Zenata
 35082 | Vaults:2 | Killed Zenata
 35083 | Vaults:2 | Reached skill level 12 in Dodging
 35663 | Vaults:2 | Reached skill level 8 in Spellcasting
 35840 | Vaults:2 | Reached skill level 11 in Unarmed Combat
 35860 | Vaults:2 | Found a portal to a secret trove of treasure.
 35868 | Vaults:2 | Reached skill level 13 in Armour
 35950 | Trove    | Entered a treasure trove
 36564 | Shoals:1 | Entered Level 1 of the Shoals
 36679 | D:5      | Identified the +11 quarterstaff of Midnight {antimagic, rC+
                  | Int-5 Dex+5} (You found it on level 9 of the Dungeon)
 36680 | D:5      | Bought the ring "Piwoxta" {+Fly Str+3 Int+3} for 402 gold
                  | pieces
 36960 | Shoals:1 | Reached skill level 9 in Evocations
 37094 | Shoals:1 | Reached skill level 13 in Dodging
 37131 | Shoals:1 | Found a runed translucent gate.
 37132 | Shoals:1 | Found a runed translucent gate.
 37133 | Shoals:1 | Found a runed translucent gate.
 37136 | Shoals:1 | Noticed Tiareth's ghost (journeyman DgWz)
 37318 | Shoals:1 | Reached skill level 12 in Unarmed Combat
 37318 | Shoals:1 | Reached XP level 19. HP: 146/157 MP: 22/32
 37831 | Shoals:2 | Noticed Nikola
 37840 | Shoals:2 | Killed Nikola
 37841 | Shoals:2 | Reached skill level 10 in Evocations
 38287 | Shoals:2 | Reached skill level 11 in Evocations
 38647 | Shoals:3 | Entered Level 3 of the Shoals
 39149 | Shoals:3 | Reached skill level 12 in Evocations
 39153 | Shoals:3 | Reached skill level 13 in Unarmed Combat
 39579 | Shoals:3 | Reached skill level 14 in Unarmed Combat
 39584 | Shoals:3 | Got a barnacled rune of Zot
 40345 | Elf:1    | Entered Level 1 of the Elven Halls
 40420 | Elf:1    | Identified the +1 robe of Boiling Hail {Str+2}
 40596 | Elf:1    | Reached skill level 15 in Unarmed Combat
 40724 | Elf:1    | Noticed Bai Suzhen
 40741 | Elf:1    | Killed Bai Suzhen
 40802 | Elf:1    | Identified Plog's Volume of Arcane Weapons
 41031 | Elf:1    | Reached skill level 16 in Unarmed Combat
 41051 | Elf:1    | Noticed a Brimstone Fiend
 41062 | Elf:1    | Reached skill level 13 in Evocations
 41096 | Elf:1    | Reached XP level 20. HP: 161/164 MP: 15/33
 41822 | Elf:2    | Found a shimmering blue altar of Sif Muna.
 42263 | Elf:2    | Found a runed gate.
 42263 | Elf:2    | Found a runed gate.
 42274 | Elf:2    | Found a runed gate.
 42329 | Elf:2    | Reached skill level 9 in Stealth
 43174 | Elf:3    | Entered Level 3 of the Elven Halls
 43540 | Elf:3    | Reached skill level 17 in Unarmed Combat
 43546 | Elf:3    | Reached skill level 17 in Fighting
 43558 | Elf:3    | Identified the cursed +1 trident "Feb Day" {flame, Str+5
                  | Int+2}
 43702 | Elf:3    | Identified the ring of Idealism {+Fly MR+ Str+2 Stlth-}
 43720 | Elf:3    | Reached skill level 18 in Unarmed Combat
 43748 | Elf:3    | Identified the +2 helmet "Kingill" {Regen+ rCorr Int-5}
 43912 | Elf:3    | Cast into level 1 of the Abyss (a deep elf sorcerer)
 43949 | Abyss:1  | Identified the cursed +1 morningstar of Onwuh {crush, rN+}
 43984 | Abyss:1  | Reached XP level 21. HP: 174/176 MP: 34/34
 44059 | Abyss:1  | Reached skill level 18 in Fighting
 44195 | Elf:3    | Escaped the Abyss
 44240 | Elf:3    | Identified the +8 arbalest of the Evening {penet, Str+3}
 44322 | Elf:3    | Identified the cursed +0 falchion of a treasure trove
                  | {freeze, *Rage Str+6 Int-2 Dex+4 SInv}
 44347 | Elf:3    | Identified the +6 battleaxe "Muistymi" {venom, +Fly rN+
                  | Str+2 Int-3}
 44427 | Elf:3    | Found the +3 Elemental Staff {rElec rF++ rC++ MR++ AC+5}
 44854 | Crypt:1  | Entered Level 1 of the Crypt
 44869 | Crypt:1  | Reached skill level 14 in Evocations
 45246 | Crypt:1  | Reached skill level 19 in Fighting
 45365 | Crypt:1  | Noticed Boris
 45375 | Crypt:1  | Killed Boris
 45570 | Crypt:2  | Entered Level 2 of the Crypt
 45609 | Crypt:2  | Reached skill level 20 in Fighting
 45625 | Crypt:2  | Reached skill level 21 in Fighting
 46132 | Crypt:2  | Found a staircase to the Tomb.
 46242 | Crypt:2  | Identified the ring "Kuple" {rF+ rN+ Int+3}
 46271 | Crypt:2  | Noticed a greater mummy
 46472 | Crypt:2  | Killed a greater mummy
 46473 | Crypt:2  | Reached skill level 14 in Dodging
 46474 | Crypt:2  | Reached XP level 22. HP: 52/194 MP: 33/35
 46885 | Crypt:2  | Found an ancient bone altar of Kikubaaqudgha.
 46891 | Crypt:2  | Found a basalt altar of Yredelemnul.
 46929 | Crypt:2  | Identified the ring "Yshoanes" {+Blink rN+ MR- Str+2}
 47241 | Depths:1 | Entered Level 1 of the Depths
 47302 | Depths:1 | Found a gateway to Hell.
 47318 | Depths:1 | Reached skill level 14 in Armour
 47479 | Depths:1 | Identified the +5 chain mail of Hanuoss {rCorr}
 47593 | Depths:1 | Found a snail-covered altar of Cheibriados.
 48113 | Depths:1 | Found a runed translucent gate.
 48113 | Depths:1 | Found a runed translucent gate.
 48114 | Depths:1 | Found a runed translucent gate.
 48114 | Depths:1 | Noticed Lelol's ghost (veteran VSFE)
 48309 | Depths:2 | Reached skill level 15 in Dodging
 48318 | Depths:2 | Reached skill level 15 in Armour
 48338 | Depths:2 | Found the +6 Scorpio {venom, beckon}
 48508 | Depths:2 | Found Qirom's Antique Weapon Shop.
 48512 | Depths:2 | Found Sazac's Weapon Shop.
 48589 | Depths:2 | Found a gateway to a ziggurat.
 48824 | Depths:2 | Reached skill level 15 in Evocations
 48833 | Depths:2 | Noticed a golden dragon
 49026 | Depths:2 | Noticed Xtahua
 49033 | Depths:2 | Killed Xtahua
 49239 | Depths:2 | Killed a golden dragon
 49240 | Depths:2 | Reached skill level 19 in Unarmed Combat
 49487 | Depths:2 | Noticed a golden dragon
 49496 | Depths:2 | Killed a golden dragon
 49674 | Depths:2 | Identified the amulet of Starshine {Reflect Str+5 SH+5
                  | SInv}
 49980 | Depths:3 | Reached skill level 20 in Unarmed Combat
 49989 | Depths:3 | Reached XP level 23. HP: 163/200 MP: 9/36
 50666 | Depths:3 | Found a one-way gate leading to the halls of Pandemonium.
 51026 | Depths:3 | Reached skill level 21 in Unarmed Combat
 51207 | Depths:3 | Noticed a Killer Klown
 51237 | Depths:3 | Killed a Killer Klown
 51409 | Depths:3 | Noticed an ancient lich
 51414 | Depths:3 | Killed an ancient lich
 51538 | Depths:3 | Noticed a golden dragon
 51577 | Depths:3 | Killed a golden dragon
 51578 | Depths:3 | Reached skill level 16 in Evocations
 51610 | Depths:3 | Identified the +6 long sword of the Moon {freeze, *Rage rF+
                  | Str+4 SInv}
 51956 | Depths:4 | Noticed Sojobo
 51966 | Depths:4 | Killed Sojobo
 51971 | Depths:4 | Reached skill level 22 in Unarmed Combat
 51974 | Depths:4 | Found a one-way gate to the infinite horrors of the Abyss.
 52218 | Depths:4 | Noticed Frederick
 52226 | Depths:4 | Killed Frederick
 52513 | Depths:4 | Reached skill level 23 in Unarmed Combat
 52513 | Depths:4 | Reached XP level 24. HP: 158/208 MP: 36/36
 52574 | Depths:4 | Noticed a golden dragon
 52581 | Depths:4 | Killed a golden dragon
 52706 | Depths:4 | Identified the cursed amulet "Qemm" {Inacc Dex+3}
 52771 | Depths:4 | Reached skill level 24 in Unarmed Combat
 52795 | Depths:4 | Identified the Disquisition on Supportive Enhancements
 52877 | Depths:4 | Found the +8 lance "Wyrmbane" {slay drac, rPois rF+ rC+
                  | AC+3}
 53060 | Depths:4 | Noticed a golden dragon
 53085 | Depths:4 | Reached skill level 10 in Charms
 53087 | Depths:4 | Reached skill level 9 in Spellcasting
 53552 | Vaults:3 | Entered Level 3 of the Vaults
 53582 | Vaults:3 | Reached skill level 10 in Spellcasting
 53584 | Vaults:3 | Noticed a golden dragon
 53585 | Vaults:3 | Reached skill level 11 in Charms
 53587 | Vaults:3 | Killed a golden dragon
 53590 | Vaults:3 | Identified the ring "Jaigesuu" {+Fly rC+ Str+2}
 53598 | Vaults:3 | Reached skill level 11 in Spellcasting
 53616 | Vaults:3 | Reached skill level 1 in Invocations
 53618 | Vaults:3 | Reached skill level 2 in Invocations
 53619 | Vaults:3 | Reached skill level 3 in Invocations
 53622 | Vaults:3 | Reached skill level 4 in Invocations
 53637 | Vaults:3 | Reached skill level 5 in Invocations
 53638 | Vaults:3 | Noticed a golden dragon
 53644 | Vaults:3 | Killed a golden dragon
 53645 | Vaults:3 | Reached skill level 6 in Invocations
 53646 | Vaults:3 | Reached skill level 7 in Invocations
 53646 | Vaults:3 | Reached XP level 25. HP: 199/214 MP: 39/39
 53656 | Vaults:3 | Reached skill level 8 in Invocations
 53669 | Vaults:3 | Reached skill level 9 in Invocations
 53690 | Vaults:3 | Reached skill level 10 in Invocations
 53730 | Vaults:3 | Reached skill level 11 in Invocations
 53883 | Vaults:3 | Identified the ring "Loycash" {rN+ MP+9 Dex+5}
 53999 | Vaults:3 | Reached skill level 12 in Invocations
 54022 | Vaults:3 | Reached skill level 13 in Invocations
 54234 | Vaults:3 | Identified the +5 hand axe "Riujehag" {holy, +Fly}
 54303 | Vaults:3 | Reached skill level 14 in Invocations
 54540 | Vaults:3 | Identified Dochifu's Reference Book on Earthen Attacks
 54598 | Vaults:3 | Identified the Collected Works on Displacement and Moulding
 54602 | Vaults:3 | Identified the cursed +0 pair of boots "Guugg" {rCorr
                  | Str+2}
 54992 | Vaults:3 | Found the +0 mask of the Dragon {MR+ Slay+3 SInv}
 55266 | Vaults:3 | Got a silver rune of Zot
 55653 | Orc      | Bought a runed plate armour for 702 gold pieces
 55655 | Orc      | Bought a glowing plate armour for 702 gold pieces
 56518 | Depths:5 | Entered Level 5 of the Depths
 56587 | Depths:5 | Reached skill level 15 in Invocations
 56645 | Depths:5 | Found a magical portal.
 56660 | WizLab   | Entered Cigotuvi's Fleshworks
 56975 | Depths:5 | Reached skill level 16 in Invocations
 57286 | Depths:5 | Reached skill level 17 in Invocations
 57303 | Depths:5 | Noticed a golden dragon
 57318 | Depths:5 | Killed a golden dragon
 57436 | Depths:5 | Found a gate to the Realm of Zot.
 57649 | Depths:5 | Identified the cursed +1 trident of Iziatyaky {pierce, rF+}
 57793 | Zot:1    | Entered Level 1 of the Realm of Zot
 57798 | Zot:1    | Reached XP level 26. HP: 216/222 MP: 39/39
 57805 | Depths:5 | Reached skill level 18 in Invocations
 58359 | Zot:1    | Reached skill level 19 in Invocations
 58901 | Zot:1    | Reached skill level 20 in Invocations
 59196 | Zot:1    | Noticed a golden dragon
 59201 | Zot:1    | Killed a golden dragon
 59375 | Zot:2    | Noticed a golden dragon
 59386 | Zot:2    | Killed a golden dragon
 59388 | Zot:2    | Reached skill level 21 in Invocations
 59390 | Zot:2    | Noticed a golden dragon
 59394 | Zot:2    | Killed a golden dragon
 59722 | Zot:2    | Reached skill level 22 in Invocations
 60391 | Zot:3    | Reached skill level 23 in Invocations
 60408 | Zot:3    | Reached XP level 27. HP: 181/228 MP: 36/39
 60654 | Zot:3    | Reached skill level 24 in Invocations
 61668 | Zot:4    | Reached skill level 16 in Dodging
 61675 | Zot:4    | Reached skill level 16 in Armour
 62217 | Zot:4    | Reached skill level 17 in Dodging
 62358 | Zot:4    | Found Tisiserr's Changing Room.
 62874 | Zot:5    | Entered Level 5 of the Realm of Zot
 62998 | Zot:5    | Reached skill level 17 in Armour
 63093 | Zot:5    | Identified the +1 broad axe of Eternal Vigilance {flame,
                  | rF+}
 63196 | Zot:5    | Identified the +3 broad axe "Fasycuck" {drain, *Drain
                  | +Blink rN++ Str+3}
 63248 | Zot:5    | Identified the +0 robe of the Evening {Int+4}
 63574 | Zot:5    | Reached skill level 18 in Dodging
 63742 | Zot:5    | Reached skill level 18 in Armour
 63755 | Zot:5    | Noticed an orb of fire
 63759 | Zot:5    | Killed an orb of fire
 63778 | Zot:5    | Reached skill level 22 in Fighting
 63802 | Zot:5    | Got the Orb of Zot
 63825 | Zot:5    | Noticed an ancient lich
 63830 | Zot:5    | Killed an ancient lich
 63953 | Zot:2    | Reached skill level 23 in Fighting
 64388 | D:2      | Noticed Vuasitol the pandemonium lord
 64395 | D:2      | Killed Vuasitol the pandemonium lord
 64482 | D:1      | Noticed Usatoj the pandemonium lord
 64485 | D:1      | Killed Usatoj the pandemonium lord
 64490 | D:$      | Escaped with the Orb!

Skill      XL: |  1  2  3  4  5  6  7  8  9 10 11 12 13 14 15 16 17 18 19 20 21 22 23 24 25 26 27 |
---------------+----------------------------------------------------------------------------------+-----
Dodging        | 1 2 3 4 5 7 9 10 11 13 14 15 18 | 18.5
Charms         | 1 2 3 4 5 6 9 11 | 11.0
Armour         | 1 2 3 4 5 7 9 11 13 15 18 | 18.4
Unarmed Combat | 1 2 3 4 5 8 9 12 16 18 20 23 24 | 24.0
Stealth        | 1 2 3 4 5 6 8 9 |  9.0
Evocations     | 1 2 3 4 5 6 8 9 13 14 15 16 | 16.0
Fighting       | 2 3 5 6 9 11 12 14 15 16 17 21 23 | 23.0
Short Blades   | 4 6 8 9 10 12 13 14 | 14.0
Shields        | 3 4 5 7 9 14 17 | 17.0
Spellcasting   | 6 8 11 | 11.0
Invocations    | 7 17 23 24 | 24.1
Translocations | |  1.1
Transmutations | |  2.1

Action                   |  1- 3 |  4- 6 |  7- 9 | 10-12 | 13-15 | 16-18 | 19-21 | 22-24 | 25-27 || total
-------------------------+-------+-------+-------+-------+-------+-------+-------+-------+-------++-------
Melee: Dagger            |   243 |   102 |   204 |   736 |  1299 |  1399 |  1493 |  1478 |  1797 ||  8751
       Rapier            |       |       |    98 |   215 |   922 |   865 |   397 |    11 |       ||  2508
       Unarmed           |       |       |       |       |       |       |       |    62 |    45 ||   107
Throw: Tomahawk          |       |       |     6 |    13 |    42 |    15 |    18 |       |       ||    94
 Cast: Infusion          |    13 |     7 |     5 |     2 |     1 |    24 |    27 |    28 |    39 ||   146
Invok: Whirlwind         |       |       |    17 |   302 |   868 |   916 |   798 |   598 |   774 ||  4273
       Lunge             |       |       |     4 |    45 |    97 |    77 |   174 |    78 |   107 ||   582
       Stomp             |       |       |     1 |       |       |       |       |       |       ||     1
       Heavenly Storm    |       |       |       |       |    10 |     8 |     6 |    10 |    15 ||    49
 Abil: Serpent's Lash    |       |       |       |     5 |    26 |    30 |    23 |    27 |    42 ||   153
       Wall Jump         |       |       |       |       |     1 |     1 |       |       |     1 ||     3
       Evoke Flight      |       |       |       |       |       |     1 |       |       |       ||     1
Evoke: Wand              |     1 |     2 |       |    11 |    14 |    15 |     4 |     1 |    15 ||    63
       Lamp of fire      |       |       |       |       |     2 |     2 |     1 |     2 |     1 ||     8
       Sack of spiders   |       |       |       |       |       |       |     2 |       |     1 ||     3
       Phial of floods   |       |       |       |       |       |       |     2 |       |       ||     2
       Phantom mirror    |       |       |       |       |       |       |     1 |       |       ||     1
       Lightning rod     |       |       |       |       |       |       |       |    11 |       ||    11
       Fan of gales      |       |       |       |       |       |       |       |       |     1 ||     1
       Box of beasts     |       |       |       |       |       |       |       |       |     4 ||     4
  Use: Scroll            |     3 |     6 |     2 |    11 |    18 |    11 |     4 |     2 |     3 ||    60
       Potion            |       |     1 |       |     3 |     1 |     3 |     3 |       |     7 ||    18
 Stab: Sleeping          |     2 |       |    10 |     1 |    13 |       |       |       |       ||    26
       Paralysed         |       |       |       |     1 |     1 |       |       |       |     4 ||     6
       Distracted        |       |       |       |     1 |     3 |     2 |       |     2 |       ||     8
       Confused          |       |       |       |       |       |       |       |       |     3 ||     3
       Held in net/web   |       |       |       |       |       |       |       |       |     1 ||     1
  Eat: Chunk             |     9 |     7 |    18 |    30 |    69 |    56 |    54 |    38 |    52 ||   333
       Ration            |       |       |       |     4 |     6 |    10 |     7 |     8 |     8 ||    43
Armor: Robe              |    28 |       |       |       |       |       |       |       |       ||    28
       Leather armour    |    18 |    29 |    62 |       |       |       |       |       |       ||   109
       Scale mail        |       |       |       |   144 |    31 |       |       |       |       ||   175
       Ring mail         |       |       |       |     7 |   150 |       |       |       |       ||   157
       Plate armour      |       |       |       |       |    19 |    67 |   181 |   171 |   171 ||   609
       Chain mail        |       |       |       |       |    10 |   194 |       |       |       ||   204
Dodge: Dodged            |    85 |    47 |   129 |   230 |   397 |   294 |   223 |   255 |   390 ||  2050
Block: Buckler           |    68 |    23 |    58 |   180 |       |       |       |       |       ||   329
       Medium shield     |       |       |       |    54 |  1012 |  1311 |  1025 |   945 |  1055 ||  5402
       Reflection        |       |       |       |     1 |    14 |    88 |   120 |    70 |    49 ||   342

Levels and vault maps discovered:
D:1:      minmay_arrival_nine_rooms, layout_rooms, st_stairs_8
D:2:      minmay_evil_eye, layout_basic, serial_bayou_pond_a
D:3:      layout_rooms, old_standard_altar, uniq_jessica
D:4:      layout_basic, first_ration, cheibrodos_sewer_entry_bend,
          uniq_eustachio, uniq_pikel, uniq_grinder
D:5:      layout_rooms, okawaru_metal_pillars_3, temple_pool_b, serial_shops,
          nicolae_shop_crystal, lemuel_altar_in_water
D:6:      nicolae_whirlpool, layout_gridville, serial_shops,
          kennysheep_mini_moat, st_stairs_6, minmay_misc_feat_roman,
          corexii_leaking_fountain, kennysheep_generic_room_7, uniq_menkaure
D:7:      layout_basic, minmay_lair_entry_grove, uniq_duvessa
D:8:      layout_loops_ring
D:9:      minmay_clustersquares, layout_gridville, fiery_altar_vehumet,
          orc_david_3, serial_shops, kennysheep_mini, shop,
          minmay_increasing_density
D:10:     layout_layer_cave, grunt_livestock, uniq_harold
D:11:     layout_layer_cave, uniq_erolcha, uniq_erica
D:12:     gammafunk_enter_depths_forms, layout_basic, david_vaults_4,
          enter_bailey_2, minmay_statues_item, uniq_maurice, uniq_roxanne,
          uniq_fannar
Temple:   mainiacjoe_temple_big_plus
Lair:1:   layout_loops_ring, enter_volcano_2, lemuel_fruit_tree,
          lemuel_fruit_fields, uniq_sonja
Lair:2:   layout_hall_layers, grunt_forest_small_clearings, grunt_megastairs_1,
          infiniplex_staircase_pool_2
Lair:3:   layout_regular_city, nicolae_swamp_entry_splash_gauntlet,
          bhauth_shoals_entry_nymph_pool
Lair:4:   layout_gridlike, gauntlet_entry_generic, uniq_nessos, uniq_josephine
Lair:5:   layout_small_grid, minmay_slime_entry_oklob_enclosed, special_room
          [special_room_mythical_zoo], portal_ice_cave_entry_animals_and_master,
          uniq_rupert, uniq_grum
Lair:6:   minmay_lair_end_frog_pond, layout_cave_pods
Swamp:1:  layout_basic_swamp, evilmike_swamp_ruin_rubble_1
Swamp:2:  layout_basic_swamp, evilmike_swamp_ruin_rubble_2, swamp_pool5
Swamp:3:  byrel_swamp_growth_death_and_undeath, layout_basic_swamp, swamp_pool1,
          uniq_aizul
Shoals:1: layout_shoals, ebering_ghost_rock_garden,
          nicolae_shoals_water_elemental_grotto
Shoals:2: layout_shoals, uniq_nikola
Shoals:3: shoals_end_grunt_ice, layout_shoals
Orc:      st_orc_congregation, layout_caves, serial_shops, shop,
          minmay_orc_temple_c
Elf:1:    nicolae_elf_arrival_fired_up, layout_gridlike,
          minmay_elf_annihilation, minmay_misc_feat_five, minivault_16,
          onia_ninara_cookie, uniq_bai_suzhen
Elf:2:    elven_hall_of_blades_hangedman_original
          [nicolae_blade_entry_pointy_end], layout_loops_corners, basic_altar
Elf:3:    nooodl_elf_gasket, layout_gridlike, grunt_megastairs_5
Vaults:1: minmay_crypt_entry_necro_gods, v_misc_22, grunt_vaults_focal,
          nicolae_vaults_big_ls, kb_rosetta, hangedman_vaults_nodes,
          ontoclasm_vaults_ligature, hangedman_vaults_pinch, v_misc_4,
          ontoclasm_vaults_eye, v_misc_5, hangedman_vaults_stretched_pinwheel,
          vaults_dpeg_diagonal, layout_vaults_ring
Vaults:2: v_misc_19, hangedman_vaults_maws, nicolae_vaults_what_the_h,
          vaults_room_stairs_pillars, v_rooms_2, nicolae_vaults_shelves_hall,
          vaults_room_boxed, vaults_room_hallway,
          nicolae_vaults_little_squares_1, ontoclasm_vaults_misaligned,
          nicolae_vaults_little_squares_5, vaults_dpeg_cross,
          layout_vaults_big_room, serial_shops, nicolae_shop_crystal,
          nicolae_trove_entry_free_sample, uniq_zenata
Vaults:3
Crypt:1:  layout_chaotic_city, uniq_boris
Crypt:2:  lightli_unholy_cathedral, layout_chaotic_city,
          tomb_entry_pyramid_bobbens, minmay_misc_feat_hallway
Depths:1: layout_gridville, nicolae_figureground_pulse, lightli_too_deep,
          ebering_ghost_rock_garden, hangedman_decor_growths,
          minmay_misc_feat_columns, cheibriados_altar_1
Depths:2: grunt_house_of_mirrors, layout_gridville, enter_ziggurat_a,
          hell_entry, minmay_misc_feat_encased, infiniplex_staircase_star,
          minmay_shop_star, kennysheep_random_hallway, firewood_loft,
          uniq_xtahua
Depths:3: minmay_rotating_shell, layout_cave_shapes, chequers_jeans,
          rand_demon_pan_entry_4, hell_entry, minmay_staircase_windowed_small,
          serial_bayou_shore_b
Depths:4: evilmike_diamond_1, layout_gridlike, special_room
          [special_room_mythical_zoo], minmay_room_of_horrors,
          hangedman_tar_grid_catacomb, minivault_1,
          infiniplex_staircase_pillars_1, serial_bayou_shore_b,
          serial_bayou_shore_b, uniq_frederick, uniq_sojobo
Depths:5: evilmike_zot_entry_gauntlet, layout_gridlike,
          nicolae_figureground_sparkle, mu_enter_wizlab_3, hell_entry,
          abyss_entry
Zot:1:    layout_gridville, hangedman_snap_crack_crunch
Zot:2:    layout_misc_corridors
Zot:3:    layout_twisted_circle, st_stairs_5
Zot:4:    grunt_twist_and_shout, layout_onion_interference,
          nicolae_transmutations_shop, skrybe_zot_glass_3
Zot:5:    layout_basic

Table legend:
 A = Turns spent in this place as a percentage of turns spent in the entire game.
 B = Non-inter-level travel turns spent in this place as a percentage of non-inter-level travel turns spent in the entire game.
 C = Inter-level travel turns spent in this place as a percentage of turns spent in this place.
 D = Turns resting spent in this place as a percentage of non-inter-level travel turns spent in this place.
 E = Turns spent auto-exploring this place as a percentage of non-inter-level travel turns spent in this place.
 F = Non-inter-level travel turns spent in this place divided by the number of levels of this place that you've seen.
                   A       B       C       D       E      F
               +-------+-------+-------+-------+-------+----------------------
         Total | 100.0 | 100.0 |  12.7 |  15.4 |  57.4 | 1148.5
       Dungeon |  26.8 |  24.6 |  19.8 |  13.1 |  58.4 | 1155.8
        Temple |   0.7 |   0.6 |  16.0 |   0.0 |  95.2 | 353.0
          Lair |  14.4 |  14.4 |  13.1 |  15.4 |  61.0 | 1346.0
         Swamp |   6.2 |   6.8 |   5.3 |  25.1 |  47.0 | 1266.3
        Shoals |   5.3 |   5.8 |   4.2 |   1.8 |  75.9 | 1086.7
  Orcish Mines |   2.5 |   2.2 |  24.1 |  26.5 |  50.3 | 1224.0
   Elven Halls |   5.7 |   5.9 |  10.5 |   6.5 |  62.1 | 1102.7
        Vaults |   9.5 |   9.7 |  11.1 |   9.8 |  62.7 | 1824.3
         Crypt |   3.5 |   3.9 |   2.6 |  21.8 |  52.9 | 1089.0
        Depths |  13.4 |  13.0 |  15.0 |  17.3 |  57.4 | 1467.6
           Zot |   8.1 |   8.7 |   6.6 |  22.9 |  52.3 | 975.0
         Abyss |   0.4 |   0.5 |   0.0 |   3.9 |   0.0 | 283.0
         Trove |   0.1 |   0.1 |   0.0 |   0.0 |   0.0 |  65.0
        Bailey |   1.9 |   2.1 |   0.0 |  23.8 |  38.9 | 1208.0
        Wizlab |   0.1 |   0.1 |   0.0 |   0.0 |   0.0 |  35.0
      Gauntlet |   1.4 |   1.7 |   0.0 |  41.4 |  20.7 | 931.0
               +-------+-------+-------+-------+-------+----------------------

Table legend:
 A = Kills in this place as a percentage of kills in entire the game.
 B = Kills by you in this place as a percentage of kills by you in the entire game.
 C = Kills by friends in this place as a percentage of kills by friends in the entire game.
 D = Other kills in this place as a percentage of other kills in the entire game.
 E = Experience gained in this place as a percentage of experience gained in the entire game.
 F = Experience gained in this place divided by the number of levels of this place that you have seen.
                   A       B       C       D       E      F
               +-------+-------+-------+-------+-------+----------------------
         Total | 100.0 | 100.0 | 100.0 | 100.0 | 100.0 | 37633.6
       Dungeon |  15.7 |  16.1 |  16.7 |   0.0 |   4.7 | 7151.1
          Lair |  10.5 |  10.8 |   0.0 |   0.0 |   4.2 | 13046.2
         Swamp |   5.7 |   5.7 |   0.0 |   6.1 |   4.2 | 26105.0
        Shoals |   5.3 |   5.0 |   0.0 |  22.4 |   3.8 | 23102.3
  Orcish Mines |   5.7 |   5.7 |   0.0 |   2.0 |   0.9 | 16570.0
   Elven Halls |   7.8 |   7.6 |  33.3 |  14.3 |   8.5 | 52522.0
        Vaults |  15.2 |  15.0 |  16.7 |  24.5 |  17.3 | 106202.3
         Crypt |   4.9 |   5.1 |   0.0 |   0.0 |   6.0 | 54904.0
        Depths |  15.7 |  15.5 |   0.0 |  28.6 |  23.3 | 85911.0
           Zot |   9.8 |   9.9 |  33.3 |   2.0 |  26.0 | 95789.0
         Abyss |   0.9 |   0.9 |   0.0 |   0.0 |   0.6 | 10170.0
        Bailey |   1.8 |   1.9 |   0.0 |   0.0 |   0.2 | 4039.0
        Wizlab |   0.3 |   0.3 |   0.0 |   0.0 |   0.2 | 3094.0
      Gauntlet |   0.5 |   0.6 |   0.0 |   0.0 |   0.2 | 3981.0
               +-------+-------+-------+-------+-------+----------------------
